 Dungeon Crawl Stone Soup version 0.22-b1-59-g0aedee7 (webtiles) character file.

212 Doobh the Sneak (level 6, -15/38 HPs)
             Began as a Kobold Assassin on Aug 10, 2018.
             Demolished by a gnoll
             ... wielding a +0 halberd
              (17 damage)
             ... on level 3 of the Dungeon.
             The game lasted 00:07:01 (2760 turns).

Doobh the Sneak (Kobold Assassin)                   Turns: 2760, Time: 00:07:02

Health: -15/38     AC:  5    Str:  8    XL:     6   Next: 13%
Magic:  6/6        EV: 16    Int: 12    God:
Gold:   85         SH:  0    Dex: 19    Spells: 5/5 levels left

rFire    . . .     SeeInvis .   a - +2 dagger
rCold    . . .     Gourm    .   (shield restricted)
rNeg     . . .     Faith    .   c - +0 robe
rPois    .         Spirit   .   p - +0 helmet
rElec    .         Reflect  .   d - +1 cloak
rCorr    .         Harm     .   (no gloves)
MR       .....                  (no boots)
Stlth    +++++.....             (no amulet)
HPRegen  0.12/turn              q - ring of stealth
MPRegen  0.10/turn              (no ring)

@: no status effects
A: small, carnivore
a: no special abilities


You were on level 3 of the Dungeon.
You were very full.

You visited 1 branch of the dungeon, and saw 3 of its levels.

You collected 85 gold pieces.

Inventory:

Hand Weapons
 a - a +2 dagger (weapon)
 b - a +0 blowgun
Missiles
 e - 29 poisoned needles
 f - 2 curare-tipped needles
 j - 69 stones (quivered)
Armour
 c - a +0 robe (worn)
 d - a +1 cloak (worn)
 p - a +0 helmet (worn)
Jewellery
 q - a ring of stealth (left hand)
Wands
 o - a wand of random effects (19)
Potions
 k - a potion of magic
Comestibles
 g - 4 rations
 h - 4 chunks of flesh


   Skills:
 * Level 3.7 Fighting
 + Level 3.9 Short Blades
 * Level 3.5 Throwing
 + Level 2.6 Dodging
 + Level 6.5 Stealth


You had 5 spell levels left.
You didn't know any spells.
Your spell library was empty.

Dungeon Overview and Level Annotations

Branches:
Dungeon (3/15)

Altars:
Ashenzari
Wu Jian
The Shining One


Innate Abilities, Weirdness & Mutations

You are small and have problems with some larger weapons.
You are carnivorous and can eat meat at any time.


Message History

The gnoll is almost dead.
The gnoll hits you.
* * * LOW HITPOINT WARNING * * *
You hit the gnoll but do no damage.
The gnoll is almost dead.
The gnoll hits you.
* * * LOW HITPOINT WARNING * * *
You closely miss the gnoll.
The gnoll is almost dead.
You hit the gnoll but do no damage. You hit the gnoll.
You kill the gnoll!
The gnoll closely misses you. x2
You hit the gnoll.
The gnoll is moderately wounded.
The gnoll misses you.
You hit the gnoll.
The gnoll is heavily wounded.
The gnoll hits you from afar with a halberd!
You die...

### ##.# #.@# #g## #g#
##g# #..#
#######.#######
...........g..####
..........g..g...#
.##...###.....#..#####


You could see 2 gnolls and a hobgoblin.

Vanquished Creatures
  Jessica (D:2)
  Terence (D:2)
  A hound skeleton (D:2)
  A gnoll (D:3)
  8 adders
  2 oozes (D:2)
  A dart slug (D:1)
  3 leopard geckos
  3 orcs (D:3)
  A ball python (D:1)
  5 goblins
  5 hobgoblins
  2 jackals (D:2)
  5 bats
  5 frilled lizards
  9 kobolds
  9 rats
62 creatures vanquished.

Notes
Turn   | Place    | Note
-------+----------+-------------------------------------------
     0 | D:1      | Doobh the Kobold Assassin began the quest for the Orb.
     0 | D:1      | Reached XP level 1. HP: 12/12 MP: 1/1
   183 | D:1      | Reached XP level 2. HP: 17/17 MP: 2/2
   883 | D:1      | Reached skill level 6 in Stealth
   883 | D:1      | Reached XP level 3. HP: 22/22 MP: 3/3
  1548 | D:2      | Reached XP level 4. HP: 27/27 MP: 4/4
  1641 | D:2      | Noticed Jessica
  1643 | D:2      | Found an ornate altar of the Wu Jian Council.
  1644 | D:2      | Killed Jessica
  1645 | D:2      | Found a shattered altar of Ashenzari.
  1873 | D:2      | Reached XP level 5. HP: 12/32 MP: 5/5
  2267 | D:2      | Found a glowing golden altar of the Shining One.
  2294 | D:2      | Noticed Terence
  2300 | D:2      | Killed Terence
  2405 | D:2      | Found a faded altar of an unknown god.
  2629 | D:3      | Reached XP level 6. HP: 33/38 MP: 6/6
  2755 | D:3      | HP: 1/38 [gnoll (6)]
  2760 | D:3      | Demolished by a gnoll

Skill      XL: |  1  2  3  4 |
---------------+-------------+-----
Short Blades   | 3 |  3.9
Stealth        | 6 |  6.5
Fighting       | 3 |  3.7
Dodging        | 2 |  2.6
Throwing       | 3 |  3.5

Action                   |  1- 3 |  4- 6 || total
-------------------------+-------+-------++-------
Melee: Dagger            |    85 |   172 ||   257
Throw: Stone             |    10 |       ||    10
  Use: Scroll            |       |     4 ||     4
       Potion            |       |     3 ||     3
 Stab: Sleeping          |    12 |     9 ||    21
  Eat: Chunk             |    10 |     2 ||    12
Armor: Robe              |    10 |    32 ||    42
Dodge: Dodged            |    48 |   144 ||   192
